[Event "Live Chess"]
[Site "Chess.com"]
[Date "2024.06.02"]
[Round "-"]
[White "McFim"]
[Black "gmnorfolk"]
[Result "0-1"]
[WhiteElo "1791"]
[BlackElo "2153"]
[TimeControl "300"]
[EndTime "6:59:13 PDT"]
[Termination "gmnorfolk won by resignation"]

1. e4 c5 2. Nf3 d6 3. Bb5+ Nd7 4. O-O Nf6 5. d3 g6 6. Nc3 Bg7 7. h3 O-O 8. Bxd7 Bxd7 9. Bg5 h6 10. Bd2 e5 11. b3 Bc6 12. Qc1 Kh7 13. a4 b6 14.
Nb5 a6 15. Nc3 Re8 16. Nh2 d5 17. exd5 Nxd5 18. f3 Nf4 19. Rb1 Qg5 20. Bxf4 exf4 21. Ne4 Bd4+ 22. Kh1 Qh4 23. Qe1 Qd8 24. Ng4 f5 25. Ngf2 Bxf2 26. Qxf2 fxe4 27. fxe4 Rf8 0-1

[Event "Live Chess"]
[Site "Chess.com"]
[Date "2024.06.02"]
[Round "-"]
[White "Inglaterra"]
[Black "GerardATHart"]
[Result "1-0"]
[WhiteElo "2061"]
[BlackElo "1377"]
[TimeControl "300"]
[EndTime "6:59:21 PDT"]
[Termination "Inglaterra won by checkmate"]

1. e4 e5 2. Nf3 Nc6 3. d4 exd4 4. Bc4 Bc5 5. O-O Nf6 6. e5 d5 7. exf6 dxc4 8. fxg7 Rg8 9. Re1+ Be6 10. Ng5 Qd7 11. Nxe6 fxe6 12. Qh5+ Qf7 13. Qxc5 Qxg7 14. g3 O-O-O 15.
Qxc4 Ne5 16. Qxe6+ Kb8 17. Qxe5 Rde8 18. Qxe8+ Rxe8 19. Rxe8# 1-0

[Event "Live Chess"]
[Site "Chess.com"]
[Date "2024.06.02"]
[Round "-"]
[White "NottheBishopSacrifice"]
[Black "GoldsmanB"]
[Result "1-0"]
[WhiteElo "2333"]
[BlackElo "1101"]
[TimeControl "300"]
[EndTime "6:59:42 PDT"]
[Termination "NottheBishopSacrifice won by resignation"]

1. Nf3 d5 2. g3 Nc6 3. Bg2 Bg4 4. d4 Nf6 5. O-O e6 6. c4 Be7 7. Nc3 O-O 8. b3 Bb4 9. Bb2 dxc4 10. bxc4 Bxf3 11.
Bxf3 Qxd4 12. Bxc6 Qxd1 13. Rfxd1 bxc6 14. Na4 Rad8 15. Be5 Rxd1+ 16. Rxd1 Ba5 17. Bxf6 gxf6 18. Nc5 Bb6 19. Nd7 Re8 20. Nxf6+ 1-0

[Event "Live Chess"]
[Site "Chess.com"]
[Date "2024.06.02"]
[Round "-"]
[White "bonantagulo"]
[Black "missedJariChance"]
[Result "1-0"]
[WhiteElo "2223"]
[BlackElo "1384"]
[TimeControl "300"]
[EndTime "6:59:44 PDT"]
[Termination "bonantagulo won by resignation"]

1. d4 d5 2. e4 e6 3. e5 c5 4. c3 Nc6 5. Nf3 Qb6 6. Bd3 Bd7 7.
dxc5 Bxc5 8. O-O Nge7 9. b4 Bxb4 10. cxb4 Nxb4 11. Ba3 Nbc6 12. Nc3 O-O 13. Rb1 Qc7 14.
Nb5 Qd8 15. Nd6 Rb8 16. Re1 Ng6 17. Nxb7 1-0

[Event "Live Chess"]
[Site "Chess.com"]
[Date "2024.06.02"]
[Round "-"]
[White "imchessive"]
[Black "Crowded_House"]
[Result "0-1"]
[WhiteElo "1587"]
[BlackElo "1638"]
[TimeControl "300"]
[EndTime "7:00:07 PDT"]
[Termination "Crowded_House won by checkmate"]

1. d4 e6 2. c4 d5 3. g3 dxc4 4. Qa4+ Bd7 5. Qxc4 Nc6 6. Bg2 Nf6 7. Bf4 Be7 8. Nc3 a6 9. d5 exd5 10. Nxd5 Nxd5 11. Bxd5 O-O 12. a3 Bd6 13. Bxd6 cxd6 14. Nf3 Qb6 15. b4 Ne5 16. Nxe5 dxe5 17. O-O Rac8 18.
Qb3 Bb5 19. Rfe1 Qc7 20. Rac1 Qd7 21. Rxc8 Qxc8 22. e4 Qc7 23. Re3 Qc1+ 24. Kg2 Qf1+ 25. Kf3 Qh1+ 26. Kg4 Bd7+ 27. Kg5 h6+ 28. Kh5 Qxh2# 0-1

[Event "Live Chess"]
[Site "Chess.com"]
[Date "2024.06.02"]
[Round "-"]
[White "Ninifu"]
[Black "Queensandpawns"]
[Result "0-1"]
[WhiteElo "2004"]
[BlackElo "2297"]
[TimeControl "300"]
[EndTime "7:00:10 PDT"]
[Termination "Queensandpawns won on time"]

1. d4 e5 2. dxe5 Bc5 3. Nf3 d6 4. e3 Ne7 5. Bd3 Nbc6 6. exd6 Bxd6 7. O-O O-O 8. Nc3 Ng6 9. b3 Bg4 10. Bb2 Nce5 11. Be2 Nxf3+ 12. Bxf3 Qh4 13. g3 Bxf3 14. Qxf3 Qh3 15. Ne4 Nh4 16. Qh1 Qg4 17. f3 Qg6 18. Kf2 Nf5 19. h4 Bxg3+ 20. Ke2 Qa6+ 21. c4 Qb6 22. Bd4 Nxd4+ 23. exd4 Qxd4 24. Nxg3 f5 25. f4 Rfe8+ 26. Kf3 Qd2 27. Rae1 Rad8 28. Rxe8+ Rxe8 29. Rf2 Qc3+ 30. Kg2 Re3 31. Qh3 g6 32. h5 Qc1 33.
hxg6 hxg6 34. Qh4 Re1 35. Qd8+ Kg7 36. Qd7+ Kf8 37. Qd8+ Kf7 38. Qd7+ Re7 39. Qd5+ Ke8 40. Rd2 Qxd2+ 41. Qxd2 c6 42. Qd6 Rd7 43. Qxg6+ Kd8 0-1

[Event "Live Chess"]
[Site "Chess.com"]
[Date "2024.06.02"]
[Round "-"]
[White "Mikhail_Golubev"]
[Black "gobbles19"]
[Result "1-0"]
[WhiteElo "2492"]
[BlackElo "2199"]
[TimeControl "300"]
[EndTime "7:00:28 PDT"]
[Termination "Mikhail_Golubev won by resignation"]

1. e4 Nf6 2. e5 Nd5 3. d4 d6 4. Nf3 g6 5. Bc4 Nb6 6. Bb3 Bg7 7. Ng5 e6 8. Qf3 Qe7 9. Ne4 dxe5 10. Bg5 f6 11. Nxf6+ Bxf6 12. Bxf6 Rf8 13. Bxe7 Rxf3 14. gxf3 Kxe7 15. dxe5 N8d7 16. f4 Nc5 17. Nc3 Bd7 18.
O-O-O Rf8 19. Rd4 Bc6 20. Rg1 Nxb3+ 21. axb3 a6 22. h4 Bf3 23. Rg3 c5 24. Rd6 Bc6 25.
h5 Rxf4 26. hxg6 hxg6 27. Rxg6 Rxf2 28. Rgxe6+ Kf7 29. Rf6+ Rxf6 30. Rxf6+ Ke7 31. Rd6 Nd7 32. Nd5+ Bxd5 33. Rxd5 b6 34. Kd2 Nb8 35. Rd6 Nd7 36. Rxd7+ Kxd7 37. Kd3 Ke6 38. Ke4 b5 39. c4 b4 40. Kf4 a5 41. Ke4 1-0

[Event "Live Chess"]
[Site "Chess.com"]
[Date "2024.06.02"]
[Round "-"]
[White "PavelChernomordik"]
[Black "Anareza_Firouzja"]
[Result "1-0"]
[WhiteElo "2503"]
[BlackElo "1881"]
[TimeControl "300"]
[EndTime "7:00:34 PDT"]
[Termination "PavelChernomordik won by resignation"]

1. e4 c5 2. Nc3 a6 3. g3 b5 4. Bg2 Bb7 5. Qe2 g6 6. d3 Bg7 7. Be3 d6 8. f4 Nc6 9. Nf3 Nd4 10. Qf2 Nxf3+ 11. Bxf3 e6 12. d4 cxd4 13. Bxd4 Nf6 14. e5 Bxf3 15. exf6 Bxh1 16. fxg7 Rg8 17. O-O-O Bb7 18.
Be5 dxe5 19. Rxd8+ Rxd8 20. fxe5 Rxg7 21. Qb6 Rd7 22. a4 bxa4 23. Nxa4 Bf3 24. b4 Be4 25. Nc5 Rd4 26. Nxe4 1-0

[Event "Live Chess"]
[Site "Chess.com"]
[Date "2024.06.02"]
[Round "-"]
[White "Eva3337"]
[Black "nyclone"]
[Result "0-1"]
[WhiteElo "1168"]
[BlackElo "1158"]
[TimeControl "300"]
[EndTime "7:00:50 PDT"]
[Termination "nyclone won on time"]

1. e4 e6 2. d4 b6 3. e5 Bb7 4. Nf3 Ne7 5. Be2 d6 6. Bf4 g6 7. O-O Bg7 8. Nc3 dxe5 9. dxe5 O-O 10. Qd2 Nec6 11. Rad1 Qe7 12. Bh6 Rd8 13. Qe3 Nd7 14. Bxg7 Kxg7 15. Bb5 a6 16. Bxc6 Bxc6 17. h4 Bxf3 18.
Qxf3 Nxe5 19. Qe4 Nd7 20. h5 Nf6 21. Qh4 Kf8 22. hxg6 hxg6 23. Qh6+ Kg8 24. Rd3 Rxd3 25. cxd3 Nh7 26. Ne4 Qf8 27. Qf4 f5 28. Ng5 Nxg5 29.
Qxg5 Kg7 30. Qf4 Qe7 31. Qe5+ Kf7 32. f4 Rd8 33. Rc1 c5 34. Rd1 Rd5 35. Qh8 Qf8 36. Qh7+ Qg7 37. Qh3 Qxb2 38. g4 Qd4+ 39. Kh1 Qxf4 40.
Qh7+ Kf6 41. Qh4+ Qg5 42. Qh8+ Kf7 43. Qh7+ Kf6 44. Qh8+ Ke7 45. Qh7+ Kd6 46. Qb7 Qxg4 47. Qb8+ Ke7 48. Qb7+ Kf6 0-1

[Event "Live Chess"]
[Site "Chess.com"]
[Date "2024.06.02"]
[Round "-"]
[White "KeithArkell"]
[Black "seasidecastle27"]
[Result "1-0"]
[WhiteElo "2425"]
[BlackElo "1951"]
[TimeControl "300"]
[EndTime "7:01:36 PDT"]
[Termination "KeithArkell won by resignation"]

1. d4 e6 2. Nf3 d5 3. c4 Nf6 4.
cxd5 exd5 5. Nc3 Be7 6. Bg5 O-O 7. e3 c6 8. Bxf6 Bxf6 9. b4 Nd7 10. b5 Nb6 11. bxc6 bxc6 12. Rc1 Bd7 13. Be2 Rc8 14. O-O c5 15. dxc5 Rxc5 16. Qd2 Qc7 17. Nd4 Rc8 18. Ba6 Rb8 19. Ncb5 Bxb5 20. Nxb5 Qe7 21. Rxc5 Qxc5 22. Rc1 Qa3 23. Nxa3 1-0

[Event "Live Chess"]
[Site "Chess.com"]
[Date "2024.06.02"]
[Round "-"]
[White "ZombieChainsaw"]
[Black "MagnersCarlsberg2870"]
[Result "0-1"]
[WhiteElo "1789"]
[BlackElo "1784"]
[TimeControl "300"]
[EndTime "7:01:56 PDT"]
[Termination "MagnersCarlsberg2870 won by resignation"]

1. e4 e5 2. Nc3 Nc6 3. g3 Nf6 4. Bg2 Bc5 5. Nge2 d6 6. Na4 h5 7. Nxc5 dxc5 8. d3 h4 9. Bg5 hxg3 10. hxg3 Rxh1+ 11. Bxh1 Bg4 12. f3 Be6 13. Qd2 Nd4 14.
O-O-O Qd6 15. Bxf6 gxf6 16. Nc3 b5 17. f4 b4 18. Ne2 a5 19. Nxd4 cxd4 20. f5 Bxa2 21. b3 a4 22. Kb2 axb3 23. cxb3 Qa6 24. Qxb4 c5 25. Qc4 Qa3+ 26. Kc2 Rb8 27. Qa4+ Qxa4 28. bxa4 Bb3+ 29. Kd2 Bxd1 30. Kxd1 Ra8 0-1

[Event "Live Chess"]
[Site "Chess.com"]
[Date "2024.06.02"]
[Round "-"]
[White "CarmelJane"]
[Black "CheckThis4"]
[Result "0-1"]
[WhiteElo "2002"]
[BlackElo "2680"]
[TimeControl "300"]
[EndTime "7:02:23 PDT"]
[Termination "CheckThis4 won by checkmate"]

1. e4 d5 2. exd5 c6 3. dxc6 Nxc6 4. Bb5 e5 5. Ne2 Bd6 6. O-O Ne7 7. Ng3 O-O 8. Nc3 f5 9. d3 Be6 10. Bg5 h6 11. Bxe7 Qxe7 12. Re1 Rad8 13. Qh5 Qf6 14.
Qf3 Nd4 15. Qd1 Bb4 16. Nh5 Qg5 17. Rxe5 Bd6 18. Rxe6 Nxe6 19. Bc4 Rfe8 20. Qf3 Kh8 21.
Ng3 Nd4 22. Qxb7 Bxg3 23. hxg3 Nxc2 24. Nd5 Nxa1 25. Nf4 Nc2 26. Ne6 Qg6 27. Nxd8 Re1+ 28. Kh2 Qh5# 0-1

[Event "Live Chess"]
[Site "Chess.com"]
[Date "2024.06.02"]
[Round "-"]
[White "dmitro74"]
[Black "Purple1szed"]
[Result "1/2-1/2"]
[WhiteElo "1751"]
[BlackElo "2021"]
[TimeControl "300"]
[EndTime "7:02:34 PDT"]
[Termination "Game drawn - timeout vs insufficient material"]

1. d4 d5 2. c4 c6 3. Nc3 Nf6 4. Nf3 dxc4 5. a4 Bf5 6. e3 e6 7. Bxc4 Bb4 8. O-O O-O 9. Bd2 c5 10. Re1 Nc6 11. dxc5 Bxc5 12. e4 Bg6 13. Qe2 Qb6 14. Bg5 Ng4 15. Be3 Bxe3 16. fxe3 Rfd8 17. Rad1 Rxd1 18. Rxd1 Qxe3+ 19. Qxe3 Nxe3 20. Rd7 Nxc4 21. Rxb7 N6e5 22. b4 Nxf3+ 23. gxf3 h6 24. Rc7 Ne5 25. Nb5 a6 26. Nd6 Nxf3+ 27. Kf2 Nxh2 28. Kg3 Nf1+ 29. Kf4 Nd2 30. b5 axb5 31. axb5 Nb3 32. b6 Na5 33.
Ra7 Rb8 34. b7 Nc6 35. Ra6 Nd8 36. Ra8 Nc6 37. Ra6 Rxb7 38. Nxb7 Nd4 39. Ra8+ Kh7 40. Nd6 f6 41. e5 fxe5+ 42. Kxe5 Nf5 43. Ne4 Ne7 44.
Nc5 Bf5 45. Nxe6 Bxe6 46. Kxe6 Ng6 47. Kf5 Ne7+ 48. Kg4 Nd5 49. Ra6 Ne3+ 50. Kg3 Nf5+ 51. Kg4 Nd4 52. Kg3 h5 53. Kh4 g6 54. Kg5 Nf3+ 55.
Kf4 Nd4 56. Kg5 Nf3+ 57. Kf4 Nh4 58. Kg3 Nf5+ 59. Kf4 Kh6 60. Ra8 h4 61. Rh8+ Kg7 62. Ra8 Kf6 63. Ra6+ Kf7 64. Ra7+ Kf6 65. Rh7 g5+ 66.
Kf3 Nd4+ 67. Ke4 Ne2 68. Rh6+ Kg7 69. Ra6 Ng3+ 70. Kf3 h3 71. Kxg3 g4 72. Ra2 h2 73.
Rxh2 Kg6 74. Kxg4 Kf6 75. Re2 Kf7 76. Kf5 Kg7 77. Re5 Kf7 78. Re6 Kg7 79. Re7+ Kh6 1/2-1/2

[Event "Live Chess"]
[Site "Chess.com"]
[Date "2024.06.02"]
[Round "-"]
[White "GoldsmanB"]
[Black "gobbles19"]
[Result "0-1"]
[WhiteElo "1101"]
[BlackElo "2199"]
[TimeControl "300"]
[EndTime "7:02:47 PDT"]
[Termination "gobbles19 won by resignation"]

1. d4 Nf6 2. c4 e6 3. Nc3 c5 4. d5 exd5 5. Nxd5 d6 6. f3 Nxd5 7. cxd5 g6 8. e4 Bg7 9. Be3 O-O 10. Bc4 Bxb2 11. Rb1 Be5 12. Ne2 a6 13. f4 Bg7 14.
g3 b5 15. Bd3 c4 16. Bc2 Nd7 17. O-O Re8 18. Bd4 Nf6 19. e5 dxe5 20. fxe5 Nxd5 21.
Bc3 Nxc3 22. Qxd8 Nxe2+ 0-1

[Event "Live Chess"]
[Site "Chess.com"]
[Date "2024.06.02"]
[Round "-"]
[White "Grace6363"]
[Black "Colm_Buckley"]
[Result "1/2-1/2"]
[WhiteElo "1155"]
[BlackElo "1874"]
[TimeControl "300"]
[EndTime "7:02:48 PDT"]
[Termination "Game drawn by stalemate"]

1. d4 e6 2. c4 d5 3. cxd5 exd5 4. Nf3 c6 5. a3 Nf6 6. Bf4 Bd6 7. e3 Bxf4 8. exf4 O-O 9. Nc3 Re8+ 10. Be2 Ne4 11.
O-O Qf6 12. Ne5 Qxf4 13. g3 Qf5 14. Bg4 Qg5 15. h4 Bxg4 16. hxg5 Bxd1 17. Raxd1 Nxc3 18. bxc3 Na6 19. Nd7 Rad8 20. Nc5 Nxc5 21. dxc5 Re6 22. Rfe1 Rde8 23. Rxe6 fxe6 24. Rd3 e5 25. f3 Kf7 26.
Kf2 Kg6 27. f4 e4 28. Re3 Kf5 29. a4 b6 30. cxb6 axb6 31. Kg2 c5 32. Kf2 d4 33.
cxd4 cxd4 34. Ra3 Ra8 35. Rb3 Rxa4 36. Rxb6 Ra2+ 37. Ke1 d3 38. Rd6 Kg4 39. Rd4 Kf3 40. f5 e3 41. Rxd3 Ra5 42. f6 gxf6 43. gxf6 Rf5 44.
Rd6 Kxg3 45. Ke2 Kf4 46. Re6 h5 47. Rxe3 Rxf6 48. Rf3+ Kg5 49. Rxf6 Kxf6 50. Kf2 Kf5 51. Kg2 Kg4 52. Kh1 Kh3 53. Kg1 Kg3 54. Kh1 h4 55. Kg1 Kf4 56. Kh1 Kg4 57. Kg1 Kg3 58. Kh1 h3 59.
Kg1 Kf3 60. Kh1 Kg4 61. Kg1 Kg3 62. Kh1 h2 1/2-1/2

[Event "Live Chess"]
[Site "Chess.com"]
[Date "2024.06.02"]
[Round "-"]
[White "V1nas"]
[Black "Larchikov"]
[Result "0-1"]
[WhiteElo "1314"]
[BlackElo "2055"]
[TimeControl "300"]
[EndTime "7:03:00 PDT"]
[Termination "Larchikov won by resignation"]

1. d4 Nf6 2. Nc3 c5 3. d5 d6 4. Bg5 e6 5. e4 Be7 6. Bd3 O-O 7. Bxf6 Bxf6 8. Qd2 Re8 9. Nge2 Qb6 10. O-O-O Na6 11.
a3 Nc7 12. Na4 Bxb2+ 13. Nxb2 a5 14. Na4 Qa7 15. f4 b5 16. dxe6 Bxe6 17. f5 Bd7 18. f6 bxa4 19. fxg7 Reb8 20. Nc3 Qb6 21. Qe3 Be6 22.
Qh6 c4 23. Be2 Nb5 24. Kd2 Qd4+ 25. Ke1 Qxc3+ 26. Kf2 Qxg7 27. Qe3 Qf6+ 28. Bf3 Rd8 29. Rhf1 Rab8 30. Kg1 Qg7 31. Qf4 Rb6 32. Bh5 Nc3 33. Rd2 Rb5 34. e5 Rxe5 35. Qxe5 Qxe5 0-1

[Event "Live Chess"]
[Site "Chess.com"]
[Date "2024.06.02"]
[Round "-"]
[White "Nazar-Makarchuk"]
[Black "Val1024"]
[Result "0-1"]
[WhiteElo "1476"]
[BlackElo "1750"]
[TimeControl "300"]
[EndTime "7:03:27 PDT"]
[Termination "Val1024 won by resignation"]

1. e4 e5 2. Nf3 Nc6 3. Bb5 a6 4. Bxc6 dxc6 5. O-O Bg4 6. d4 Bxf3 7. Qxf3 Qxd4 8. Qd3 Qxd3 9. cxd3 Bc5 10. Nc3 Ne7 11.
Be3 Bxe3 12. fxe3 f6 13. d4 Ng6 14. dxe5 Nxe5 15. Rad1 Ke7 16. Ne2 Rad8 17. Nc3 Nc4 18. Rxd8 Rxd8 19. b3 Nxe3 20. Re1 Rd3 21. Na4 Nc2 22.
Re2 Nd4 23. Re1 b6 24. Kf2 c5 25. Re3 Rd2+ 26. Kg3 Rxa2 27. Rd3 Ra3 28. Kf2 Rxb3 29. Rxb3 Nxb3 30. Ke3 Nd4 31. Nc3 c6 32. Na4 b5 33.
Nxc5 Ne6 34. Nxa6 Kd6 35. Nb4 Nc5 36. Kd4 Nd7 37. Nd3 c5+ 38. Ke3 g6 39. Nf4 Nb6 40. h4 g5 41. hxg5 fxg5 42. Nh3 h6 43. Kd3 Nc4 44. Nf2 Ne5+ 45. Ke3 b4 46. Nd1 Kc6 47. Nb2 Kb5 48. Kf2 c4 49. Ke3 c3 50. Nd3 Nxd3 51. Kxd3 Kc5 52. g4 Kd6 53. Kc2 Ke5 54. Kd3 b3 55.
Kxc3 Kxe4 56. Kxb3 Kf4 57. Kc2 Kxg4 58. Kd1 Kf3 59. Ke1 Kg2 60. Ke2 g4 61. Ke3 g3 62.
Kf4 Kf2 63. Kg4 g2 64. Kh5 g1=Q 65. Kxh6 Kf3 0-1

[Event "Live Chess"]
[Site "Chess.com"]
[Date "2024.06.02"]
[Round "-"]
[White "LL220284LL"]
[Black "RichardABates"]
[Result "0-1"]
[WhiteElo "2464"]
[BlackElo "2378"]
[TimeControl "300"]
[EndTime "7:03:44 PDT"]
[Termination "RichardABates won by resignation"]

1. d4 Nf6 2. Bg5 d5 3. Nd2 c5 4.
e3 cxd4 5. exd4 Qb6 6. Nb3 Ne4 7. Be3 e6 8. Nf3 Nc6 9. Be2 Bd6 10. O-O O-O 11.
c3 f5 12. Ne1 Qc7 13. f4 g5 14.
Nd3 Bd7 15. Ne5 Nxe5 16. fxe5 Be7 17. Nc1 Be8 18. Nd3 Bg6 19. Nf2 Rf7 20. Nxe4 dxe4 21.
Qb3 f4 22. Bd2 Bf5 23. Bc4 Qb6 24. Qxb6 axb6 25. d5 Bc5+ 26. Kh1 Re8 27. d6 e3 28.
Be1 b5 29. Bxb5 Rd8 30. b4 Ba7 31. Be2 Rg7 32. c4 Bd4 33. Rd1 Bxe5 34. c5 Be4 35. Bf3 Bxf3 36. gxf3 e2 37. Bf2 exf1=Q+ 38. Rxf1 Bxd6 39. cxd6 Rxd6 40. Re1 Rgd7 41. Kg2 Kf7 42. Bc5 Rd2+ 43. Kh3 h5 44. a4 Ra2 45. Re5 Rd5 46.
Rxd5 exd5 47. a5 Ke6 48. Bb6 Kf5 49. b5 g4+ 0-1

[Event "Live Chess"]
[Site "Chess.com"]
[Date "2024.06.02"]
[Round "-"]
[White "beltmanjb"]
[Black "JanMur7"]
[Result "0-1"]
[WhiteElo "1690"]
[BlackElo "2295"]
[TimeControl "300"]
[EndTime "7:03:54 PDT"]
[Termination "JanMur7 won on time"]

1. d4 Nf6 2. c4 a6 3. g3 b5 4. Bg2 Ra7 5. b3 bxc4 6. bxc4 Bb7 7. d5 e6 8. e4 exd5 9. Be3 Bb4+ 10. Nd2 Ra8 11. exd5 O-O 12. Ne2 Ng4 13. Bd4 c5 14.
Bb2 Re8 15. O-O d6 16. Nf4 Ne5 17. Rb1 Bxd2 18. Qxd2 Nxc4 19. Qc3 Nxb2 20. Rxb2 Bc8 21. Rfb1 Nd7 22. Bh3 Ne5 23. Bxc8 Qxc8 24. Rb6 Qc7 25.
Rb7 Qc8 26. Nh5 Qg4 27. Nf4 Qf3 28. Qxf3 Nxf3+ 29. Kg2 Nd4 30. R1b6 Red8 31. Re7 Nf5 32. Re2 Rdb8 33. Rxb8+ Rxb8 34. g4 Nh4+ 35. Kg3 Ng6 36.
Nd3 c4 37. Nb2 c3 38. Na4 Rc8 39. Rc2 Ne7 40. Rxc3 Rxc3+ 41. Nxc3 f5 42. Kf4 fxg4 43. Kxg4 Kf7 44. f4 g6 45. h4 Nf5 46. Ne4 Ne3+ 47.
Kf3 Nxd5 48. Nxd6+ Ke6 49. Nc4 Nb4 50. Na5 Nxa2 0-1

[Event "Live Chess"]
[Site "Chess.com"]
[Date "2024.06.02"]
[Round "-"]
[White "NeilDruggan73"]
[Black "uselessduffer"]
[Result "0-1"]
[WhiteElo "1712"]
[BlackElo "2354"]
[TimeControl "300"]
[EndTime "7:04:04 PDT"]
[Termination "uselessduffer won by resignation"]

1. d4 Nf6 2. Bg5 e6 3. e4 h6 4.
Bxf6 Qxf6 5. Nf3 d6 6. c3 g5 7. Bc4 Bg7 8. O-O Nd7 9. Nbd2 Nf8 10. Re1 Ng6 11. e5 Qe7 12. Qc2 Bd7 13. Ne4 dxe5 14.
dxe5 Nxe5 15. Nxe5 Bxe5 16. Rad1 O-O-O 17. Qb3 Bc6 18. f3 Rxd1 19. Rxd1 Rd8 20. Rxd8+ Kxd8 21. Bb5 Bxe4 22. fxe4 Qc5+ 23. Kh1 Qf2 24. Qd1+ Ke7 25. Qd7+ Kf8 26. Qd1 Qxb2 27. a4 Qxc3 28. h4 Qa1 29.
Qxa1 Bxa1 30. hxg5 hxg5 31. Kh2 Ke7 32. Kg3 c6 33.
Bd3 Be5+ 34. Kf3 Kd6 35. g4 a6 36. Ke3 b5 37. axb5 cxb5 38. Kd2 Kc5 39. Kc2 a5 40.
Kb3 a4+ 41. Ka3 Bc3 42. Bc2 Bd2 43. Bd3 Bc1+ 44. Ka2 b4 45. Kb1 Bf4 46. Kc2 b3+ 47.
Kb2 Kb4 48. Kb1 a3 49. Ba6 a2+ 0-1

[Event "Live Chess"]
[Site "Chess.com"]
[Date "2024.06.02"]
[Round "-"]
[White "grillage"]
[Black "JoeyCage"]
[Result "0-1"]
[WhiteElo "1884"]
[BlackElo "2398"]
[TimeControl "300"]
[EndTime "7:04:06 PDT"]
[Termination "JoeyCage won on time"]

1. d4 e6 2. e4 c5 3. d5 Nf6 4.
Nc3 a6 5. a4 Qc7 6. Nf3 d6 7.
Be2 Be7 8. O-O h6 9. Re1 O-O 10. h3 Nbd7 11. Bf4 Ne5 12. Bh2 Rd8 13. Nd2 exd5 14. exd5 Ng6 15. Nc4 Bf8 16. Bf3 Nd7 17.
Bg4 Nde5 18. Be2 Nxc4 19. Bxc4 Bd7 20. Re3 Re8 21. Rg3 Ne5 22. Bd3 c4 23. Be4 b5 24.
axb5 axb5 25. Rxa8 Rxa8 26. f4 Ng6 27. Bxg6 fxg6 28.
Rxg6 Re8 29. f5 b4 30. Ne2 Bxf5 31. Rg3 Qc5+ 32. Kh1 Qf2 33. Ng1 Re1 34. Qf3 Qxf3 35. Rxf3 Be4 36. Rf2 Bxd5 37. Bg3 Rd1 38. Kh2 Be4 39.
c3 bxc3 40. bxc3 Rd3 41. Re2 d5 42. Nf3 Bxf3 43. gxf3 Rxc3 44. Rd2 Rxf3 45. Rxd5 c3 0-1

[Event "Live Chess"]
[Site "Chess.com"]
[Date "2024.06.02"]
[Round "-"]
[White "stevochess11"]
[Black "lateforthesky"]
[Result "0-1"]
[WhiteElo "1678"]
[BlackElo "2074"]
[TimeControl "300"]
[EndTime "7:04:14 PDT"]
[Termination "lateforthesky won by resignation"]

1. d4 Nf6 2. Nf3 g6 3. Nc3 d5 4. Bf4 Bg7 5. e3 O-O 6. Be2 b6 7. Ne5 c5 8. g4 Bb7 9. h4 Nbd7 10.
h5 Ne4 11. hxg6 hxg6 12. Nxe4 dxe4 13. Nxg6 fxg6 14. Bc4+ Rf7 15. Bh6 Nf6 16. Bxg7 Kxg7 17. Bxf7 Kxf7 18. c3 Kg7 19. g5 Nh7 20. Qg4 e5 21.
O-O-O exd4 22. exd4 c4 23. Qh4 Qxg5+ 24. Qxg5 Nxg5 25.
d5 Rd8 26. d6 e3 27. Rhg1 Nf3 28. Rg3 e2 29. Rxf3 exd1=Q+ 30. Kxd1 Bxf3+ 0-1

[Event "Live Chess"]
[Site "Chess.com"]
[Date "2024.06.02"]
[Round "-"]
[White "matt1979"]
[Black "TheSmoulderingMaster"]
[Result "1-0"]
[WhiteElo "1439"]
[BlackElo "1762"]
[TimeControl "300"]
[EndTime "7:04:28 PDT"]
[Termination "matt1979 won by resignation"]

1. f4 e5 2. fxe5 d6 3. Nf3 h5 4.
d4 h4 5. e4 Bg4 6. h3 Bh5 7.
Bg5 Be7 8. Bxe7 Qxe7 9. Be2 Nc6 10. c3 O-O-O 11. Qb3 dxe5 12. d5 Na5 13. Qa4 b6 14. b4 Nb7 15. Qxa7 c5 16. Qxb6 cxb4 17. Ba6 Rh6 18. Qa7 Qc7 19. Bxb7+ Qxb7 20. Qxb7+ Kxb7 21.
cxb4 Nf6 22. Nbd2 Rc8 23. O-O Rc2 24. Rfc1 Rxc1+ 25. Rxc1 Nd7 26. a4 Ra6 27. a5 Bg6 28. Nxh4 Bh5 29. Nf5 Be2 30. Nxg7 Rg6 31. Nf5 Nf6 32.
d6 Nd7 33. Rc7+ 1-0

[Event "Live Chess"]
[Site "Chess.com"]
[Date "2024.06.02"]
[Round "-"]
[White "juniortay"]
[Black "PureDashingOctopus"]
[Result "0-1"]
[WhiteElo "2310"]
[BlackElo "2285"]
[TimeControl "300"]
[EndTime "7:04:48 PDT"]
[Termination "PureDashingOctopus won by resignation"]

1. e4 c5 2. Nf3 d6 3. d4 cxd4 4. Qxd4 Nc6 5. Bb5 Bd7 6. Bxc6 Bxc6 7. Nc3 e5 8. Qd3 h6 9. Be3 Nf6 10. O-O-O Be7 11. Nd2 O-O 12. Nc4 Qc7 13. f3 Rfd8 14.
Nd5 Nxd5 15. exd5 Bb5 16. b3 Rac8 17. Qe4 Bxc4 18. bxc4 Qxc4 19. Qxc4 Rxc4 20. Bxa7 Ra8 21. Be3 Rxa2 22. Kd2 Rcxc2+ 0-1

[Event "Live Chess"]
[Site "Chess.com"]
[Date "2024.06.02"]
[Round "-"]
[White "Purple1szed"]
[Black "CarmelJane"]
[Result "0-1"]
[WhiteElo "2013"]
[BlackElo "2010"]
[TimeControl "300"]
[EndTime "7:04:52 PDT"]
[Termination "CarmelJane won by resignation"]

1. e4 g6 2. d4 Bg7 3. Nf3 c5 4. Nc3 cxd4 5. Nxd4 Nc6 6. Be3 Nf6 7. Nb3 d6 8. f3 O-O 9. Qd2 a6 10.
O-O-O Be6 11. g4 Rc8 12. h4 Nb4 13. Bh6 Bxb3 14. cxb3 Nxa2+ 15. Kb1 Nxc3+ 16. bxc3 Bxh6 17. Qxh6 Rxc3 18. Kb2 Qa5 19. h5 Rfc8 20. Bd3 Qb4 0-1

[Event "Live Chess"]
[Site "Chess.com"]
[Date "2024.06.02"]
[Round "-"]
[White "Anareza_Firouzja"]
[Black "WorcesterYork"]
[Result "0-1"]
[WhiteElo "1880"]
[BlackElo "2450"]
[TimeControl "300"]
[EndTime "7:04:58 PDT"]
[Termination "WorcesterYork won by resignation"]

1. e4 c5 2. Nf3 Nc6 3. Bb5 d6 4. O-O Bd7 5. Re1 Nf6 6. d3 a6 7. Bxc6 Bxc6 8. Nc3 e5 9. h3 Be7 10. Ne2 h6 11. Ng3 g6 12. c3 h5 13. d4 b5 14.
dxe5 dxe5 15. Qxd8+ Rxd8 16. Nxe5 Bb7 17. h4 Ng4 18. Nxg4 hxg4 19. Bg5 f6 20. Bf4 Rxh4 21. e5 f5 22. Rad1 Rxd1 23. Rxd1 Rh7 24. e6 Bc8 25. Bd6 Bxe6 26. Re1 Kd7 27. Bxe7 Rxe7 28. Rd1+ Kc6 29.
a4 Bb3 30. Rd8 Re1+ 31. Kh2 f4 32. axb5+ axb5 0-1

[Event "Live Chess"]
[Site "Chess.com"]
[Date "2024.06.02"]
[Round "-"]
[White "Grace6363"]
[Black "GoldsmanB"]
[Result "0-1"]
[WhiteElo "1144"]
[BlackElo "1110"]
[TimeControl "300"]
[EndTime "7:05:09 PDT"]
[Termination "GoldsmanB won by resignation"]

1. d4 Nf6 2. c4 e6 3. Nf3 Bb4+ 4. Nbd2 O-O 5. a3 Be7 6. e4 d5 7. e5 Ng4 8. Be2 Nc6 9. O-O dxc4 10. Bxc4 b6 11. h3 Nh6 12. Ne4 Nf5 13. Nfg5 Bxg5 14.
Nxg5 Qxd4 15. Qh5 h6 16. Bxe6 Bxe6 17. Nxe6 fxe6 18. Bf4 Qxf4 0-1

[Event "Live Chess"]
[Site "Chess.com"]
[Date "2024.06.02"]
[Round "-"]
[White "jimwad"]
[Black "Step-S"]
[Result "1-0"]
[WhiteElo "1330"]
[BlackElo "1284"]
[TimeControl "300"]
[EndTime "7:05:11 PDT"]
[Termination "jimwad won on time"]

1. d4 e5 2. dxe5 d6 3. exd6 Bxd6 4. Nc3 Nc6 5. Nf3 Nf6 6. Bg5 h6 7. Bh4 Be6 8. e3 Qe7 9. Bb5 O-O 10. Bxc6 bxc6 11.
O-O Rad8 12. Qe2 Bg4 13. h3 Bh5 14. Ne4 Nxe4 15. Bxe7 Bxe7 16. g4 Bg6 17. Ne5 Rd2 18. Qc4 Nd6 19. Qc3 Rxc2 20. Qb3 Bh7 21. f4 Be4 22.
Rf2 Rxf2 23. Kxf2 Bh4+ 24. Kf1 c5 25. Nd7 Re8 26. Nxc5 Bc6 27. Rc1 Bb5+ 28. Kg2 a6 29. a4 Bc6+ 30. Kh2 Nc8 31. Nxa6 Bd7 32. Nxc7 Re7 33. Nd5 Re6 34. Qb7 Rxe3 35. Rxc8+ Kh7 36. Qxd7 Re2+ 37. Kh1 Re1+ 38. Kg2 1-0